 Dungeon Crawl Stone Soup version 0.19.5 (webtiles) character file.

84 Kisielow the Insei (level 4, -8/32 HPs)
             Began as a Merfolk Transmuter on May 22, 2017.
             Mangled by a centaur (9 damage)
             ... on level 3 of the Dungeon.
             The game lasted 00:04:48 (2154 turns).

Kisielow the Insei (Merfolk Transmuter)             Turns: 2154, Time: 00:04:48

Health: -8/32      AC:  4    Str: 10    XL:     4   Next: 46%
Magic:  4/7        EV: 26    Int: 18    God:
Gold:   235        SH:  0    Dex: 24    Spells: 2 memorised, 3 levels left

rFire  . . .     SeeInvis .       - Unarmed
rCold  . . .     Gourm    .     (armour currently unavailable)
rNeg   . . .     Faith    .     (shield currently unavailable)
rPois  x         Spirit   .     (helmet currently unavailable)
rElec  .         Reflect  .     (cloak currently unavailable)
rCorr  .         Harm     .     (gloves currently unavailable)
MR     .....                    (boots currently unavailable)
Stlth  +++.......               i - amulet of rage
                                (no ring)
                                t - +2 ring of protection (curse)

@: brilliant, agile, spider-form, very slightly contaminated, hasted, very quick
A: (change form in water), (swift swim), (stealthy swim)
a: End Transformation, Evoke Berserk Rage


You were on level 3 of the Dungeon.
You were hungry.
You were a venomous arachnid creature.
You visited 1 branch of the dungeon, and saw 3 of its levels.

You collected 235 gold pieces.

Inventory:

Missiles
 a - 50 arrows
Armour
 b - a +0 robe (melded)
Jewellery
 i - an amulet of rage (around neck)
 t - a cursed +2 ring of protection (left front leg)
Wands
 s - a wand of digging (10/24)
Scrolls
 f - a scroll of recharging {unknown}
 h - 5 scrolls of identify {unknown}
 j - a scroll of immolation {unknown}
 k - 2 scrolls of fear {unknown}
 l - a scroll of noise {unknown}
Books
 c - a book of Changes

   Spells                             Type                      Level
   a - Beastly Appendage              Transmutation                1
   b - Sticks to Snakes               Transmutation                2
   c - Spider Form                    Transmutation/Poison         3
   d - Ice Form                       Ice/Transmutation            4
   e - Blade Hands                    Transmutation                5
Comestibles
 d - 2 bread rations
 n - a slice of pizza
 o - 2 beef jerkies
 q - a royal jelly


   Skills:
 - Level 1.1 Fighting
 - Level 2.6 Dodging
 - Level 5.0 Unarmed Combat
 - Level 2.0 Spellcasting
 * Level 4.0 Transmutations


You had 3 spell levels left.
You knew the following spells:

 Your Spells              Type           Power        Failure   Level  Hunger
a - Beastly Appendage     Tmut           ####..       1%          1    #......
q - Spider Form           Tmut/Pois      ###.......   6%          3    ###....


Dungeon Overview and Level Annotations

Branches:
Dungeon (3/15)

Altars:


Message History

You feel clever all of a sudden.
The centaur shoots an arrow.
The arrow hits you!
The centaur shoots an arrow.
The arrow hits you.
It was a potion of haste.
You feel yourself speed up.
The centaur shoots an arrow.
The arrow hits you!
* * * LOW HITPOINT WARNING * * *
You are very lightly contaminated with residual magic.
Cast which spell? (? or * to list)
You turn into a venomous arachnid creature.
Your +0 robe melds into your body.
The centaur shoots an arrow.
The arrow completely misses you.
Found a scroll labeled TOHUTHYELIU.
The centaur shoots an arrow.
The arrow hits you.
* * * LOW HITPOINT WARNING * * *
You see here an arrow.
You hit the centaur.
The centaur is poisoned.
The centaur is lightly wounded.
The centaur unwields an uncursed shortbow.
The centaur hits you!
You die...

...............+
##.#.###.......#
..#.
#.......#######
####
#........(....#
...#
#..........(..#
##.#
#.........(...#
....
#.............#
##..
#..###...(....#
#....<...s....#
#$####...c..$.#
#. #.(.......#
#.........# #
#.........#
......?....#
####........# .
##########


You could see a centaur.

Vanquished Creatures
  The ghost of freekh the Ruffian, a weakling VSTm of Ru (D:3)
  An ooze (D:2)
  A worm (D:2)
  A dart slug (D:2)
  A leopard gecko (D:2)
  An orc (D:3)
  4 goblins
  9 hobgoblins
  3 jackals (D:3)
  6 kobolds
  A ball python (D:1)
  4 bats
  5 frilled lizards
  4 rats
42 creatures vanquished.

Vanquished Creatures (others)
  4 toadstools (D:1)
4 creatures vanquished.

Grand Total: 46 creatures vanquished

Notes
Turn   | Place    | Note
-------+----------+-------------------------------------------
     0 | D:1      | Kisielow the Merfolk Transmuter began the quest for the Orb.
     0 | D:1      | Reached XP level 1. HP: 15/15 MP: 3/3
   353 | D:1      | Reached XP level 2. HP: 18/21 MP: 5/5
   433 | D:1      | Reached skill level 4 in Unarmed Combat
   982 | D:2      | Reached XP level 3. HP: 25/26 MP: 6/6
   996 | D:2      | Learned a level 3 spell: Spider Form
  1689 | D:3      | Reached skill level 5 in Unarmed Combat
  1737 | D:3      | Noticed freekh's ghost (weakling VSTm)
  1754 | D:3      | Killed freekh's ghost
  1754 | D:3      | Reached XP level 4. HP: 22/32 MP: 7/7
  2144 | D:3      | Noticed a centaur
  2152 | D:3      | HP: 1/32 [centaur/arrow (6)]
  2154 | D:3      | Mangled by a centaur

Skill      XL: |  1  2  3  4 |
---------------+-------------+-----
Unarmed Combat | 4 5 |  5.0
Transmutations | 3 4 |  4.0
Fighting       | |  1.1
Dodging        | |  2.6
Spellcasting   | |  2.0

Action                   |  1- 3 |  4- 6 || total
-------------------------+-------+-------++-------
Melee: Unarmed           |   133 |    20 ||   153
       Punch             |     2 |       ||     2
 Cast: Spider Form       |       |     1 ||     1
 Abil: Evoke Berserk Rag |     2 |       ||     2
  Use: Potion            |       |     5 ||     5
 Stab: Sleeping          |     2 |       ||     2
  Eat: Chunk             |     4 |     1 ||     5
Armor: Robe              |    15 |     4 ||    19
Dodge: Dodged            |    77 |    18 ||    95
